 Dungeon Crawl Stone Soup version 0.28.0-62-gf88900778d (webtiles) character file.

Game seed: 9861211836037555696

263 jjjjhere the Slinger (level 6, -8/47 HPs)
             Began as a Gnoll Wanderer on Mar 5, 2023.
             Was an Initiate of Ru.
             Mangled by Duvessa
             ... wielding a +0 short sword
              (14 damage)
             ... on level 4 of the Dungeon.
             The game lasted 00:04:12 (2287 turns).

jjjjhere the Slinger (Gnoll Wanderer)               Turns: 2287, Time: 00:04:13

Health: -8/47      AC:  7    Str: 11 (13) XL:     6   Next: 19%
Magic:  11/11      EV: 10    Int:  7 (10) God:    Ru [......]
Gold:   149        SH:  0    Dex: 11 (13) Spells: 10/11 levels left

rFire   . . .      SeeInvis .   a - +2 hunting sling
rCold   + . .      Faith    .   (no shield)
rNeg    + . .      Spirit   .   m - +0 ring mail
rPois   .          Reflect  .   j - +0 helmet
rElec   .          Harm     .   c - +0 cloak
rCorr   .          Rampage  .   (no gloves)
Will    .....                   (no boots)
Stlth   ++........              (no amulet)
HPRegen 0.15/turn               k - ring of protection from cold
MPRegen 0.12/turn               n - ring of positive energy

@: no status effects
A: fangs 1, strong nose, distributed training
a: Renounce Religion


You were on level 4 of the Dungeon.
You worshipped Ru.
Ru was noncommittal.
You visited 2 branches of the dungeon, and saw 5 of its levels.

You collected 149 gold pieces.

Inventory:

Hand Weapons
 a - a +2 hunting sling (weapon)
Missiles
 f - 96 stones
 h - 3 poisoned darts
 p - 4 sling bullets (quivered ammo)
Armour
 c - a +0 cloak (worn)
 d - a +0 leather armour
 j - a +0 helmet (worn)
 m - a +0 ring mail (worn)
Jewellery
 k - a ring of protection from cold (left hand)
 n - a ring of positive energy (right hand)
Wands
 b - a wand of digging (3)
Scrolls
 g - 5 scrolls of identify {unknown}
 l - 2 scrolls of amnesia {unknown}
Potions
 e - 3 potions of curing
 o - a potion of lignification {unknown}


   Skills:
 + Level 3.2 Fighting
 + Level 1.8 Short Blades
 + Level 1.8 Long Blades
 + Level 1.8 Axes
 + Level 1.8 Maces & Flails
 + Level 1.8 Polearms
 + Level 1.8 Staves
 + Level 8.7 Slings
 + Level 1.8 Bows
 + Level 1.8 Crossbows
 + Level 1.8 Throwing
 + Level 1.8 Armour
 + Level 1.8 Dodging
 + Level 4.5 Stealth
 + Level 1.8 Shields
 + Level 1.8 Unarmed Combat
 + Level 3.3 Spellcasting
 + Level 1.4 Conjurations
 + Level 1.4 Hexes
 + Level 1.4 Summonings
 + Level 1.4 Necromancy
 + Level 1.4 Translocations
 + Level 1.4 Transmutations
 + Level 4.1 Fire Magic
 + Level 1.4 Ice Magic
 + Level 1.4 Air Magic
 + Level 1.4 Earth Magic
 + Level 1.4 Poison Magic
 + Level 2.0 Invocations
 + Level 1.8 Evocations


You had 10 spell levels left.
You knew the following spells:

 Your Spells              Type           Power      Damage    Failure   Level
a - Foxfire               Conj/Fire      20%        2x1d5     26%         1

Your spell library contained the following spells:

 Spells                   Type           Power      Damage    Failure   Level
 Magic Dart               Conj           12%        1d3       41%         1
 Sting                    Tmut/Pois      12%        1d3       41%         1
 Call Imp                 Summ           3%         N/A       54%         2
 Poisonous Vapours        Pois/Air       6%         N/A       54%         2
 Ignite Poison            Fire/Tmut/Pois 4%         N/A       65%         3
 Mephitic Cloud           Conj/Pois/Air  3%         N/A       78%         3
 Olgreb's Toxic Radiance  Pois           3%         N/A       99%         4


Dungeon Overview and Level Annotations

Branches:
Dungeon (4/15)             Temple (1/1) D:4

Altars:
Ashenzari
Cheibriados
Dithmenos
Elyvilon
Gozag
Hepliaklqana
Kikubaaqudgha
Makhleb
Nemelex Xobeh
Okawaru
Qazlal
Ru
Sif Muna
Trog
Uskayaw
Vehumet
Wu Jian
Xom
Yredelemnul
Zin
The Shining One

Annotations:
D:4 Duvessa


Innate Abilities, Weirdness & Mutations

You have very sharp teeth.
Your uncanny sense of smell can sniff out nearby items.
Your experience applies equally to all skills.


Message History

You shoot a sling bullet. The sling bullet hits the scorpion!
The scorpion is moderately wounded.
You shoot a sling bullet. The sling bullet hits the scorpion.
The scorpion is heavily wounded.
You shoot a sling bullet. The sling bullet hits the scorpion.
The scorpion is heavily wounded.
You shoot a sling bullet.
The sling bullet closely misses the scorpion.
You shoot a sling bullet. The sling bullet hits the scorpion!
You kill the scorpion!
Your Invocations skill increases to level 2!
You have reached level 6!
Magic restored.
p - a sling bullet You see here a scorpion corpse.
p - 2 sling bullets (gained 1)
p - 3 sling bullets (gained 1)
p - 4 sling bullets (gained 1)
p - 5 sling bullets (gained 1) Duvessa is nearby!
Duvessa is nearby!
You shoot a sling bullet.
Duvessa shouts!
The sling bullet hits Duvessa but does no damage.
Duvessa goes berserk!
Duvessa barely misses you. Duvessa hits you with a +0 short sword!
Duvessa hits you with a +0 short sword. Duvessa hits you with a +0 short sword!
Okay, then.
Okay, then.
It was a potion of curing.
You feel better.
Duvessa hits you with a +0 short sword! x2
It was a potion of degeneration.
There was something very wrong with that liquid.
You feel weakened.
You feel dopey.
You feel clumsy. Duvessa hits you with a +0 short sword!
* * * LOW HITPOINT WARNING * * *
Duvessa hits you with a +0 short sword!
You die...

.....#...####......#####...####.#
##.#.###.####......# #.### #.#
#.#.###...........## #.# #.#
##>.................# #.# #.#
.....#..............# #.######.#
...###.....#####.##.# #........#
...........# #.##.# #....#####
...####....# #.##.# #....#
.........### #@##.## #....####
...####### #e##..# #.......#
....# ###### #.###.# #.......#
....# #....###.###.###..#....#
....# #.........##..##..#....#
....#####.................#....#
....+...............†........###
....#####..........#.#.......#
....# ##.........#.#.......#


You could see Duvessa (berserk).

Vanquished Creatures
  A scorpion (D:4)
  Dowan (D:4)
  Natasha (twice) (D:2)
  Robin (D:1)
  An adder (D:2)
  An adder skeleton (D:4)
  A dart slug (D:1)
  4 orcs (D:4)
  7 endoplasms
  4 giant cockroaches
  6 hobgoblins
  6 jackals
  4 kobolds
  A quokka (D:4)
  9 ball pythons
  4 bats
  4 frilled lizards
  8 goblins
  5 rats
70 creatures vanquished.

Notes
Turn   | Place    | Note
-------+----------+-------------------------------------------
     0 | D:1      | jjjjhere the Gnoll Wanderer began the quest for the Orb.
     0 | D:1      | jjjjhere set off with the following items: a +2 hunting
                  | sling, 22 sling bullets, a +0 cloak, a +0 leather armour;
                  | and the following spell memorised: Foxfire; and the
                  | following spells available to memorise: Ignite Poison
     0 | D:1      | Reached XP level 1. HP: 17/17 MP: 4/4
    58 | D:1      | Found a faded altar of an unknown god.
   135 | D:1      | Reached XP level 2. HP: 23/23 MP: 5/5
   493 | D:1      | Reached XP level 3. HP: 26/28 MP: 7/7
   873 | D:2      | Noticed Robin
   910 | D:1      | Killed Robin
   911 | D:1      | Reached skill level 1 in Invocations
   956 | D:2      | Reached skill level 1 in Short Blades
   956 | D:2      | Reached skill level 1 in Long Blades
   956 | D:2      | Reached skill level 1 in Axes
   956 | D:2      | Reached skill level 1 in Maces & Flails
   956 | D:2      | Reached skill level 1 in Polearms
   956 | D:2      | Reached skill level 1 in Staves
   956 | D:2      | Reached skill level 1 in Bows
   956 | D:2      | Reached skill level 1 in Crossbows
   956 | D:2      | Reached skill level 1 in Throwing
   956 | D:2      | Reached skill level 1 in Armour
   956 | D:2      | Reached skill level 1 in Dodging
   956 | D:2      | Reached skill level 1 in Shields
   956 | D:2      | Reached skill level 1 in Unarmed Combat
   956 | D:2      | Reached skill level 1 in Evocations
  1006 | D:2      | Noticed Natasha
  1016 | D:2      | Killed Natasha
  1017 | D:2      | Reached XP level 4. HP: 33/34 MP: 8/8
  1211 | D:2      | Reached skill level 1 in Conjurations
  1211 | D:2      | Reached skill level 1 in Hexes
  1211 | D:2      | Reached skill level 1 in Summonings
  1211 | D:2      | Reached skill level 1 in Necromancy
  1211 | D:2      | Reached skill level 1 in Translocations
  1211 | D:2      | Reached skill level 1 in Transmutations
  1211 | D:2      | Reached skill level 1 in Ice Magic
  1211 | D:2      | Reached skill level 1 in Air Magic
  1211 | D:2      | Reached skill level 1 in Earth Magic
  1211 | D:2      | Reached skill level 1 in Poison Magic
  1258 | D:2      | Noticed Natasha
  1261 | D:2      | Killed Natasha
  1262 | D:2      | Reached XP level 5. HP: 40/40 MP: 9/9
  1335 | D:2      | You fall into a shaft and drop 2 floors!
  1386 | D:4      | Noticed Duvessa
  1548 | D:4      | Found a staircase to the Ecumenical Temple.
  1557 | Temple   | Entered the Ecumenical Temple
  1957 | Temple   | Became a worshipper of Ru the Awakened
  2155 | D:4      | Noticed Dowan
  2184 | D:4      | Killed Dowan
  2242 | D:4      | Reached XP level 6. HP: 47/47 MP: 9/11
  2285 | D:4      | HP: 15/47 [Duvessa/+0 short sword (7)]
  2287 | D:4      | HP: 6/47 [Duvessa/+0 short sword (9)]
  2287 | D:4      | Mangled by Duvessa

Illustrated notes

Levels and vault maps discovered:
D:1:      scummos_arrival_star, layout_loops_ring, basic_ecumenical_altar
D:2:      layout_loops_cross, serial_shops,
          nicolae_shop_temple_entry_statues_fountains, uniq_robin, uniq_natasha
D:3:      layout_basic, fedhas_ov_isle_minmay, lemuel_another_geyser
D:4:      layout_basic, minmay_temple_entry_grid,
          chequers_serial_rivers_micro_c, uniq_duvessa
Temple:   mainiacjoe_temple_trianglar_array

Skill      XL: |  1  2  3  4  5 |
---------------+----------------+-----
Invocations    | 1 2 |  2.0
Short Blades   | 1 |  1.8
Long Blades    | 1 |  1.8
Axes           | 1 |  1.8
Maces & Flails | 1 |  1.8
Polearms       | 1 |  1.8
Staves         | 1 |  1.8
Bows           | 1 |  1.8
Crossbows      | 1 |  1.8
Throwing       | 1 |  1.8
Armour         | 1 |  1.8
Dodging        | 1 |  1.8
Shields        | 1 |  1.8
Unarmed Combat | 1 |  1.8
Evocations     | 1 |  1.8
Spellcasting   | 3 |  3.3
Conjurations   | 1 |  1.4
Hexes          | 1 |  1.4
Summonings     | 1 |  1.4
Necromancy     | 1 |  1.4
Translocations | 1 |  1.4
Transmutations | 1 |  1.4
Ice Magic      | 1 |  1.4
Air Magic      | 1 |  1.4
Earth Magic    | 1 |  1.4
Poison Magic   | 1 |  1.4
Fighting       | 3 |  3.2
Fire Magic     | 4 |  4.1
Slings         | |  8.7
Stealth        | |  4.5

Action                   |  1- 3 |  4- 6 || total
-------------------------+-------+-------++-------
 Fire: Hunting sling     |    88 |   102 ||   190
  Use: Potion            |       |     2 ||     2
Armor: Leather armour    |    11 |     2 ||    13
       Ring mail         |       |     4 ||     4
Dodge: Dodged            |     5 |     9 ||    14
